 Dungeon Crawl Stone Soup version 0.30-a0-377-g5cb311bc9f (webtiles) character file.

Game seed: 15749361463557053096

53 bande the Covered (level 3, -3/23 HPs)
             Began as a Gargoyle Fighter on Nov 27, 2022.
             Slain by Terence
             ... wielding a +0 falchion
              (5 damage)
             ... on level 2 of the Dungeon.
             The game lasted 00:01:58 (1300 turns).

bande the Covered (Gargoyle Fighter)                Turns: 1300, Time: 00:01:59

Health: -3/23      AC: 11    Str: 19    XL:     3   Next: 87%
Magic:  3/3        EV:  9    Int:  8    God:
Gold:   110        SH:  4    Dex: 11    Spells: 2/2 levels left

rFire   . . .      SeeInvis .    a - +0 war axe
rCold   . . .      Faith    .    c - +0 buckler
rNeg    + . .      Spirit   .    b - +0 scale mail
rPois   ∞          Reflect  .    (no helmet)
rElec   +          Harm     .    (no cloak)
rCorr   .          Rampage  .    (no gloves)
Will    .....                    f - +0 pair of boots
Stlth   ..........               (no amulet)
HPRegen 0.23/turn                (no ring)
MPRegen 0.08/turn                (no ring)

@: no status effects
A: sickness immunity, AC +3, negative energy resistance 1, electricity
resistance, torment resistance 1, petrification resistance
a: no special abilities


You were on level 2 of the Dungeon.
You visited 1 branch of the dungeon, and saw 2 of its levels.

You collected 110 gold pieces.

Inventory:

Hand Weapons
 a - a +0 war axe (weapon)
 e - a +0 flail
Armour
 b - a +0 scale mail (worn)
 c - a +0 buckler (worn)
 f - a +0 pair of boots (worn)
Scrolls
 g - 2 scrolls of butterflies
 j - a scroll of fear {unknown}
Potions
 d - 2 potions of might
 h - a potion of haste {unknown}
 i - a potion of invisibility {unknown}


   Skills:
 + Level 3.6 Fighting
 + Level 2.8 Axes
 + Level 3.7 Armour
 + Level 3.6 Shields


You had 2 spell levels left.
You didn't know any spells.
Your spell library contained the following spells:

 Spells                   Type           Power      Damage    Failure   Level
 Hailstorm                Conj/Ice       0%         3d3       99%         3
 Ice Form                 Ice/Tmut       0%         N/A       100%        4
 Simulacrum               Ice/Necr       0%         N/A       100%        6


Dungeon Overview and Level Annotations

Branches:
Dungeon (2/15)

Altars:
The Shining One

Shops:
D:1 ?

Annotations:
D:2 Terence


Innate Abilities, Weirdness & Mutations

You are immune to sickness and miasma.
Your stone body is resilient. (AC +3)
You are immune to poison.
You resist negative energy. (rN+)
You are resistant to electric shocks. (rElec)
You are resistant to unholy torment.
You are immune to petrification.


Message History

You hit Terence but do no damage. Terence closely misses you.
You barely miss Terence. Terence hits you with a +0 falchion.
You block Terence's attack.
You hit Terence.
Terence is lightly wounded.
You block Terence's attack.
You slash Terence!
Terence is heavily wounded.
Terence hits you but does no damage.
You slash Terence!
Terence is almost dead.
Terence drinks a potion.
Terence is healed!
Terence hits you with a +0 falchion!
You barely miss Terence. Terence closely misses you.
You hit Terence but do no damage. Terence hits you but does no damage.
You hit Terence.
Terence is lightly wounded.
You block Terence's attack.
You barely miss Terence.
Terence is lightly wounded.
Terence barely misses you. Terence hits you with a +0 falchion!
You are too injured to fight recklessly!
You are too injured to fight recklessly!
You are too injured to fight recklessly!
You are too injured to fight recklessly!
You are too injured to fight recklessly!
You are too injured to fight recklessly!
You are too injured to fight recklessly!
You are too injured to fight recklessly!
You slash Terence!
Terence is heavily wounded.
Terence hits you with a +0 falchion!
* * * LOW HITPOINT WARNING * * *
You hit Terence but do no damage.
Terence is heavily wounded.
Terence barely misses you. Terence hits you but does no damage.
You barely miss Terence.
Terence is heavily wounded.
Terence hits you with a +0 falchion.
You die...

.# # .# ..# #.
#.# .... #..
##.##...##
#...####........
.......#......#
......@#......#
.......@.?_..'##
#...####.......##
# #........##
###..)....##
#..)......###
+.........'. .
#.........# .
##.......# .#
##.....####.#


You could see Terence.

Vanquished Creatures
  2 adders (D:2)
  2 endoplasms
  A giant cockroach (D:2)
  5 goblins
  2 hobgoblins (D:1)
  2 kobolds (D:1)
  3 quokkas
  6 ball pythons
  6 bats
  4 frilled lizards (D:1)
  A rat (D:1)
34 creatures vanquished.

Notes
Turn   | Place    | Note
-------+----------+-------------------------------------------
     0 | D:1      | bande the Gargoyle Fighter began the quest for the Orb.
     0 | D:1      | Reached XP level 1. HP: 14/14 MP: 1/1
    71 | D:1      | Found Goaw's Magic Scroll Shoppe.
   349 | D:1      | Reached XP level 2. HP: 16/19 MP: 2/2
   781 | D:2      | Reached XP level 3. HP: 23/23 MP: 3/3
  1242 | D:2      | Found a faded altar of an unknown god.
  1280 | D:2      | Found a glowing golden altar of the Shining One.
  1284 | D:2      | Noticed Terence
  1298 | D:2      | HP: 1/23 [Terence/+0 falchion (7)]
  1300 | D:2      | Slain by Terence

Illustrated notes

Levels and vault maps discovered:
D:1:      minmay_arrival_three_doors, layout_loops_corners, serial_shops, shop
D:2:      layout_loops_corners, hellmonk_ecumenical_altar_pennies_from_heaven,
          basic_altar, uniq_terence

Skill      XL: |  1  2 |
---------------+-------+-----
Axes           | 2 |  2.8
Fighting       | |  3.6
Armour         | |  3.7
Shields        | |  3.6

Action                   || total
-------------------------++-------
Melee: War axe           ||   138
  Use: Scroll            ||     2
Armor: Scale mail        ||    83
Dodge: Dodged            ||    76
Block: Buckler           ||    34

Table legend: (Time is in decaauts)
 A = Elapsed time spent in this place.
 B = Non-inter-level travel time spent in this place.
 C = Inter-level travel time spent in this place.
 D = Time resting spent in this place.
 E = Time spent auto-exploring this place.
 F = Levels seen in this place.
 G = Mean time per level.
                   A        B        C        D        E       F      G
               +--------+--------+--------+--------+--------+-----+--------+
         Total |   1360 |   1360 |      0 |      0 |   1022 |   2 |  680.0 |
       Dungeon |   1360 |   1360 |      0 |      0 |   1022 |   2 |  680.0 |
               +--------+--------+--------+--------+--------+-----+--------+

Top non-repeatable levels by time:
     D:1: 773 daAuts
     D:2: 586 daAuts
